 Dungeon Crawl Stone Soup version 0.31.0-9-g3a7656b989 (webtiles) character file.

Game seed: 15554584275000885297

39 qw the Shooter (level 3, -4/20 HPs)
             Began as a Deep Elf Hunter on Feb 2, 2024.
             Slain by a gnoll
             ... wielding a +0 flail
              (5 damage)
             ... on level 2 of the Dungeon.
             The game lasted 00:00:05 (1219 turns).

qw the Shooter (Deep Elf Hunter)                    Turns: 1219, Time: 00:00:05

Health: -4/20      AC:  6    Str: 10    XL:     3   Next: 26%
Magic:  5/5        EV: 11    Int: 13    God:
Gold:   89         SH:  0    Dex: 18    Spells: 2/2 levels left

rFire   . . .        a - +0 shortbow
rCold   . . .        (shield currently unavailable)
rNeg    . . .        i - +0 ring mail
rPois   .            (no helmet)
rElec   .            (no cloak)
rCorr   .            (no gloves)
SInv    .            g - +0 pair of boots
Will    .....        (no amulet)
Stlth   +            f - +4 ring of slaying {mikee}
HPRegen 0.23/turn    (no ring)
MPRegen 0.09/turn

%: no passive effects
@: no status effects
A: no striking features
a: no special abilities


You were on level 2 of the Dungeon.
You visited 1 branch of the dungeon, and saw 2 of its levels.

You collected 89 gold pieces.


   Skills:
 - Level 1.5 Fighting
 + Level 6.8 Ranged Weapons
 - Level 2.4 Dodging
 - Level 1.2 Stealth


You had 2 spell levels left.
You didn't know any spells.
Your spell library was empty.

Inventory:

Hand Weapons
 a - a +0 shortbow (weapon)
Armour
 g - a +0 pair of boots (worn)
 i - a +0 ring mail (worn)
Jewellery
 f - a +4 ring of slaying (left hand) {mikee}
Potions
 d - a potion of cancellation

Dungeon Overview and Level Annotations

Branches:
Dungeon (2/15)

Altars:


Message History

You shoot an arrow. The arrow hits the bat!
You kill the bat!
Found a stone staircase leading down.
You now have 89 gold pieces (gained 16).
You see here a +0 spectral quarterstaff.
Found a spear. 3 gnolls come into view.
Found a stone staircase leading up.
The gnoll shouts! x2; You hear a shout!
Enter note:
Enter note:
Enter note:
1211 ||| RETREEEEATING.
The gnoll shouts!
A gnoll comes into view. It is wielding a +0 club.
You see here a metallic amethyst potion.
You shoot an arrow. The arrow hits the gnoll.
The gnoll is lightly wounded.
You shoot an arrow. The arrow hits the gnoll.
The gnoll is lightly wounded.
You shoot an arrow. The arrow closely misses the gnoll. x2
The gnoll hits you but does no damage.
The gnoll hits you from afar with a +0 spear.
You shoot an arrow. The arrow hits the gnoll!
The gnoll is severely wounded.
The gnoll hits you from afar with a +0 spear.
Enter note:
1216 ||| RETREEEEATING.
The gnoll hits you with a +0 spear.
You shoot an arrow. The arrow barely misses the gnoll.
The arrow hits the gnoll.
The gnoll is moderately wounded.
The gnoll barely misses you. The gnoll hits you with a +0 spear.
You shoot an arrow. The arrow hits the gnoll.
The gnoll is severely wounded.
The gnoll closely misses you. The gnoll barely misses you.
The gnoll misses you.
You shoot an arrow. The arrow hits the gnoll.
You kill the gnoll!
The gnoll hits you with a +0 flail. The gnoll hits you but does no damage.
The gnoll hits you with a +0 flail.
You die...

# #.#
###.#.#
...#.#
..#.###
..<..#
.....
#g#.# ##.
#@#.#
.....#g#.#
#...g...#
##.####.#
.. #.# #.
#.# # #.#
#.# #.###


You could see 3 gnolls.

Vanquished Creatures
  A gnoll (D:2)
  2 dart slugs (D:1)
  2 ball pythons (D:1)
  5 bats
  2 endoplasms (D:1)
  2 giant cockroaches (D:1)
  3 goblins (D:1)
  A hobgoblin (D:1)
  4 jackals (D:1)
  3 kobolds (D:1)
  A quokka (D:1)
  3 frilled lizards (D:1)
  4 rats (D:1)
33 creatures vanquished.

Notes
Turn   | Place    | Note
-------+----------+-------------------------------------------
     0 | D:1      | qw the Deep Elf Hunter began the quest for the Orb.
     0 | D:1      | Reached XP level 1. HP: 12/12 MP: 3/3
     0 | D:1      | 0 ||| qw: Version: 0.3-a-155-g5e7d8dd
     0 | D:1      | 0 ||| qw: Game counter: 2237
     0 | D:1      | 0 ||| qw: Melee chars always use a shield: true
     0 | D:1      | 0 ||| qw: God list: Okawaru
     0 | D:1      | 0 ||| qw: Allow faded altars: false
     0 | D:1      | 0 ||| qw: Do Orc after clearing Dungeon:15 true
     0 | D:1      | 0 ||| qw: Do second Lair branch before Depths: true
     0 | D:1      | 0 ||| qw: Lair rune preference: random
     0 | D:1      | 0 ||| qw: Goals: Normal
     0 | D:1      | 0 ||| PLANNING D:1-11
    64 | D:1      | Reached XP level 2. HP: 14/16 MP: 4/4
    68 | D:1      | Reached skill level 6 in Ranged Weapons
   563 | D:1      | HP: 4/16 [quokka (4)]
   642 | D:1      | Reached XP level 3. HP: 20/20 MP: 5/5
   705 | D:1      | You fall into a shaft and drop 1 floor!
   706 | D:2      | 706 ||| UPGRADING to +0 pair of boots.
   711 | D:2      | 711 ||| UPGRADING to +4 ring of slaying {mikee}.
   712 | D:2      | 712 ||| READING 2 scrolls labelled FYBEIN UTAZ.
   712 | D:2      | 712 ||| IDENTIFYING yellow potion
   713 | D:2      | 713 ||| DROPPING scroll of butterflies.
   718 | D:2      | 718 ||| FLEEEEING.
   720 | D:2      | 720 ||| STAIRDANCE
   985 | D:1      | 985 ||| UPGRADING to +0 ring mail.
   995 | D:1      | 995 ||| DROPPING +0 leather armour.
   996 | D:1      | 996 ||| READING scroll of identify.
   996 | D:1      | 996 ||| IDENTIFYING fizzy grey potion
   997 | D:1      | 997 ||| READING scroll labelled BUSHAS HYBBEIRA.
  1098 | D:1      | 1098 ||| DROPPING potion of brilliance.
  1211 | D:2      | 1211 ||| RETREEEEATING.
  1216 | D:2      | 1216 ||| RETREEEEATING.
  1217 | D:2      | HP: 4/20 [gnoll/+0 spear (5)]
  1219 | D:2      | HP: 1/20 [gnoll/+0 flail (4)]
  1219 | D:2      | Slain by a gnoll

Levels and vault maps discovered:
D:1:      dpeg_arrival_renting, layout_basic, minmay_quantized
D:2:      layout_basic

Skill      XL: |  1  2 |
---------------+-------+-----
Ranged Weapons | 6 |  6.8
Fighting       | |  1.5
Dodging        | |  2.4
Stealth        | |  1.2

Action                     || total
---------------------------++-------
   Fire: Shortbow          ||    92
    Use: Scroll            ||     3
 Armour: Leather armour    ||    18
         Ring mail         ||     9
  Dodge: Dodged            ||    25

Table legend:
 A = Non-vault XP
 B = Vault XP
 C = Vault XP percentage of total XP
 D = Non-vault monster count
 E = Vault monster count
 F = Vault count percentage of total count
                 A         B        C        D         E       F
            +---------+---------+-------+---------+---------+-------
      Total |      64 |       7 |   9.9 |      29 |       4 |  12.1
            +---------+---------+-------+---------+---------+-------
        D:1 |      48 |       7 |  12.7 |      27 |       4 |  12.9
        D:2 |      16 |       0 |   0.0 |       2 |       0 |   0.0
            +---------+---------+-------+---------+---------+-------
